 Dungeon Crawl Stone Soup version 0.20.1-1-g8b1a95d (webtiles) character file.

14 dohliylev the Sneak (level 2, 0/20 HPs)
             Began as a Vampire Enchanter on Dec 13, 2017.
             Slain by a jackal (1 damage)
             ... on level 1 of the Dungeon.
             The game lasted 00:02:05 (554 turns).

dohliylev the Sneak (Vampire Enchanter)              Turns: 554, Time: 00:02:05

Health: 0/20       AC:  2    Str:  7    XL:     2   Next: 31%
Magic:  0/5        EV: 12    Int: 17    God:
Gold:   24         SH:  0    Dex: 14    Spells: 2/5 levels left

rFire    . . .     SeeInvis +   a - +1 dagger
rCold    . . .     Gourm    .   (no shield)
rNeg     + . .     Faith    .   b - +0 robe
rPois    .         Spirit   .   (no helmet)
rElec    .         Reflect  .   (no cloak)
rCorr    .         Harm     .   (no gloves)
MR       .....                  (no boots)
Stlth    +++.......             (no amulet)
Regen    0.1/turn               (no ring)
MPRegen  0.1/turn               (no ring)

@: no status effects
A: fangs 3, see invisible, unbreathing
a: no special abilities


You were on level 1 of the Dungeon.
You were not thirsty.

You visited 1 branch of the dungeon, and saw 1 of its levels.

You collected 24 gold pieces.

Inventory:

Hand Weapons
 a - a +1 dagger (weapon)
Armour
 b - a +0 robe (worn)
Scrolls
 e - a scroll of magic mapping {unknown}
 h - a scroll of fear {unknown}
Potions
 d - 6 potions of blood
 f - a potion of berserk rage {unknown}
 g - a potion of haste {unknown}
Books
 c - a book of Maledictions

   Spells                             Type                      Level
   a - Corona                         Hexes                        1
   b - Ensorcelled Hibernation        Hexes/Ice                    2
   c - Confuse                        Hexes                        3
   d - Tukima's Dance                 Hexes                        3
   e - Dazzling Spray                 Conjuration/Hexes            3


   Skills:
 + Level 0.3 Fighting
 - Level 1.1 Short Blades
 - Level 2.1 Dodging
 + Level 5.6 Stealth
 - Level 2.0 Spellcasting
 - Level 4.4 Hexes


You had 2 spell levels left.
You knew the following spells:

 Your Spells              Type           Power        Failure   Level  Hunger
a - Corona                Hex            ###....      3%          1    #......
b - Ensorcelled Hibernat  Hex/Ice        #.....       12%         2    ###....


Dungeon Overview and Level Annotations

Branches:
Dungeon (1/15)

Altars:


Innate Abilities, Weirdness & Mutations

You have razor-sharp teeth.
You have supernaturally acute eyesight. (SInv)
You can survive without breathing.


Message History

* * * LOW HITPOINT WARNING * * *
Found a scroll labeled QULOAZ RASMEP and a scroll labeled ZILU HUOGH.
A hobgoblin comes into view. It is wielding a club.
The hobgoblin shouts!
The jackal bites you.
* * * LOW HITPOINT WARNING * * *
You barely miss the jackal. The jackal bites you.
* * * LOW HITPOINT WARNING * * *
The jackal bites you but does no damage. x2
The jackal bites you.
* * * LOW HITPOINT WARNING * * *
The jackal misses you.
Casting: Ensorcelled Hibernation
Confirm with . or Enter, or press ? or * to list all spells.
Aiming: Ensorcelled Hibernation
Press: ? - help, Shift-Dir - straight line, f/p - jackal
Aim: a jackal (chance to defeat MR: 58%)
The jackal resists with significant effort.
The jackal bites you.
You die...

#########
#(......#
#.......########
##
#..............#..
#..>....).####.#.
#.......#.......
#)....(.##.###.# #
#....)..# .# #@#.#
##.#(#### .# #h#.#
##.#.#####.# #hg.#
#..........###.###
#..#...........#
#..###########.#
#..# #.# .. #..#
#.###...#
#..######
#...g...?


You could see 2 jackals and a hobgoblin.

Vanquished Creatures
  A dart slug (D:1)
  A leopard gecko (D:1)
  A giant cockroach (D:1)
  2 kobolds (D:1)
  A ball python (D:1)
  A frilled lizard (D:1)
  3 goblins (D:1)
  A rat (D:1)
11 creatures vanquished.

Notes
Turn   | Place    | Note
-------+----------+-------------------------------------------
     0 | D:1      | dohliylev the Vampire Enchanter began the quest for the Orb.
     0 | D:1      | Reached XP level 1. HP: 13/13 MP: 3/3
   261 | D:1      | Reached skill level 5 in Stealth
   421 | D:1      | Reached XP level 2. HP: 19/19 MP: 3/5
   514 | D:1      | Learned a level 2 spell: Ensorcelled Hibernation
   550 | D:1      | HP: 1/20 [jackal (1)]
   554 | D:1      | Slain by a jackal

Skill      XL: |  1 |
---------------+----+-----
Stealth        | 5 |  5.6
Fighting       | |  0.3
Short Blades   | |  1.1
Dodging        | |  2.1
Spellcasting   | |  2.0
Hexes          | |  4.4

Action                   || total
-------------------------++-------
Melee: Dagger            ||    40
       Bite              ||     6
 Cast: Corona            ||    10
       Ensorcelled Hiber ||     4
 Stab: Sleeping          ||     1
  Eat: Corpse            ||     1
Armor: Robe              ||    11
Dodge: Dodged            ||    28
